 Dungeon Crawl Stone Soup version 0.32-a0-612-g1c984fe9d1 (webtiles) character file.

Game seed: 5734202120704832954

529 graki42 the Conjurer (level 7, -4/51 HPs)
             Began as a Gnoll Conjurer on Mar 4, 2024.
             Was an Initiate of Sif Muna.
             Slain by Edmund
             ... wielding a +2 dire flail of protection
              (13 damage)
             ... on level 5 of the Dungeon.
             The game lasted 00:08:35 (4073 turns).

graki42 the Conjurer (Gnoll Conjurer)               Turns: 4073, Time: 00:08:37

Health: -4/51      AC:  2    Str:  7    XL:     7   Next: 24%
Magic:  1/15       EV: 13    Int: 19    God:    Sif Muna [......]
Gold:   253        SH:  0    Dex: 10    Spells: 6/17 levels left

rFire   . . .        n - +0 war axe (venom)
rCold   . . .        (no shield)
rNeg    . . .        a - +0 robe
rPois   .            (no helmet)
rElec   .            (no cloak)
rCorr   .            (no gloves)
SInv    .            (no boots)
Will    .....        (no amulet)
Stlth   +++          (no ring)
HPRegen 0.28/turn    (no ring)
MPRegen 0.14/turn

%: no passive effects
@: no status effects
A: fangs 1, strong nose, distributed training
a: Renounce Religion


You were on level 5 of the Dungeon.
You worshipped Sif Muna.
Sif Muna was noncommittal.
You visited 2 branches of the dungeon, and saw 6 of its levels.

You collected 253 gold pieces.

Inventory:

Hand Weapons
 n - a +0 war axe of venom (weapon)
Armour
 a - a +0 robe (worn)
 v - a +0 cloak
Magical Staves
 t - a staff of air
Wands
 u - a wand of polymorph (12)
Scrolls
 c - 2 scrolls of teleportation {unknown}
 f - 3 scrolls of revelation {unknown}
 g - 2 scrolls of enchant armour {unknown}
 h - a scroll of fog {unknown}
 i - 2 scrolls of amnesia {unknown}
 k - a scroll of poison {unknown}
 l - 2 scrolls of brand weapon {unknown}
 m - 2 scrolls of fear {unknown}
 o - 2 scrolls of enchant weapon {unknown}
 r - 4 scrolls of identify {unknown}
Potions
 b - 2 potions of magic
 d - 3 potions of resistance {unknown}
 e - 2 potions of lignification {unknown}
 j - a potion of berserk rage {unknown}
 p - a potion of cancellation {unknown}
 q - a potion of heal wounds {unknown}
 s - 4 potions of haste {unknown}


   Skills:
 + Level 2.4 Fighting
 + Level 2.4 Short Blades
 + Level 2.4 Long Blades
 + Level 2.4 Axes
 + Level 2.4 Maces & Flails
 + Level 2.4 Polearms
 + Level 2.4 Staves
 + Level 2.4 Ranged Weapons
 + Level 2.4 Throwing
 + Level 2.4 Armour
 + Level 5.2 Dodging
 + Level 4.9 Stealth
 + Level 2.4 Shields
 + Level 2.4 Unarmed Combat
 + Level 5.6 Spellcasting
 + Level 7.4 Conjurations
 + Level 2.0 Hexes
 + Level 2.0 Summonings
 + Level 2.0 Necromancy
 + Level 2.0 Translocations
 + Level 2.0 Fire Magic
 + Level 2.0 Ice Magic
 + Level 2.0 Air Magic
 + Level 2.0 Earth Magic
 + Level 2.0 Alchemy
 + Level 2.7 Invocations
 + Level 2.4 Evocations
 + Level 2.2 Shapeshifting


You had 6 spell levels left.
You knew the following spells:

 Your Spells              Type           Power      Damage    Failure   Level
a - Magic Dart            Conj           100%       1d8       1%          1
b - Searing Ray           Conj           66%        2d6       1%          2
c - Fulminant Prism       Conj/Alch      11%        3d9       17%         4
d - Iskenderun's Mystic   Conj/Tloc      23%        2d6       17%         4

Your spell library contained the following spells:

 Spells                   Type           Power      Damage    Failure   Level
 Call Canine Familiar     Summ           13%        N/A       16%         3
 Sigil of Binding         Hex            13%        N/A       16%         3
 Dimensional Bullseye     Hex/Tloc       6%         N/A       45%         4


Dungeon Overview and Level Annotations

Branches:
Dungeon (5/15)             Temple (1/1) D:4

Altars:
Elyvilon
Fedhas
Makhleb
Okawaru
Qazlal
Ru
Sif Muna
Trog
Wu Jian
Xom
Yredelemnul
Zin

Annotations:
D:5 Edmund


Innate Abilities, Weirdness & Mutations

You have very sharp teeth.
Your uncanny sense of smell can sniff out nearby items.
Your experience applies equally to all skills.


Message History

You finish channelling your searing ray.
Edmund hits you with a +2 dire flail of protection!
Casting: Searing Ray (safe; 1% risk of failure)
Confirm with . or Enter, or press ? or * to list all spells.
Aiming: Searing Ray (safe; 1% risk of failure)
Press: ? - help, Shift-Dir - straight line, f/p - Edmund
Aim: Edmund, wielding a +2 dire flail of protection and wearing a +0 leather armour (heavily wounded, 81% to hit)
The searing ray misses Edmund. (Press . to maintain the ray.) Edmund hits you with a +2 dire flail of protection.
The searing ray misses Edmund.
Edmund closely misses you.
The searing ray hits Edmund but does no damage.
Edmund is heavily wounded.
Edmund barely misses you.
The searing ray hits Edmund.
Edmund is heavily wounded.
You finish channelling your searing ray.
Edmund hits you with a +2 dire flail of protection!
Casting: Searing Ray (safe; 1% risk of failure)
Confirm with . or Enter, or press ? or * to list all spells.
Aiming: Searing Ray (safe; 1% risk of failure)
Press: ? - help, Shift-Dir - straight line, f/p - Edmund
Aim: Edmund, wielding a +2 dire flail of protection and wearing a +0 leather armour (heavily wounded, 81% to hit)
The searing ray misses Edmund. (Press . to maintain the ray.) Edmund hits you with a +2 dire flail of protection!
The searing ray hits Edmund.
Edmund is severely wounded.
Edmund hits you with a +2 dire flail of protection!
* * * LOW HITPOINT WARNING * * *
The searing ray hits Edmund.
Edmund is severely wounded.
Edmund barely misses you.
The searing ray hits Edmund.
Edmund is severely wounded.
You finish channelling your searing ray.
Edmund says, "People will remember me!
They'll remember me and die!"
Edmund hits you with a +2 dire flail of protection!
You die...
Edmund whines, "They better pay attention to me now!"

##################
#....@@..........#
...#...#######.####
......#######..#
..............##
##..########.##
#.######....#
#..#......##.# ∆..
#####...# #.###


You could see Edmund.

Vanquished Creatures
  Eustachio (D:5)
  A black bear (D:5)
  Blork the orc (D:5)
  A scorpion (D:5)
  A bombardier beetle (D:2)
  5 adders
  3 dart slugs
  6 orcs (D:3)
  3 bats (D:1)
  7 endoplasms
  2 giant cockroaches (D:1)
  5 goblins
  13 hobgoblins
  4 kobolds
  5 quokkas
  9 ball pythons
  3 frilled lizards
  4 rats
74 creatures vanquished.

Notes
Turn   | Place    | Note
-------+----------+-------------------------------------------
     0 | D:1      | graki42 the Gnoll Conjurer began the quest for the Orb.
     0 | D:1      | Reached XP level 1. HP: 13/13 MP: 6/6
   153 | D:1      | Reached XP level 2. HP: 19/19 MP: 5/7
   156 | D:1      | Learned a level 2 spell: Searing Ray
   660 | D:1      | Reached skill level 5 in Spellcasting
   660 | D:1      | Reached XP level 3. HP: 25/25 MP: 6/9
   867 | D:2      | Reached skill level 1 in Fighting
   867 | D:2      | Reached skill level 1 in Short Blades
   867 | D:2      | Reached skill level 1 in Long Blades
   867 | D:2      | Reached skill level 1 in Axes
   867 | D:2      | Reached skill level 1 in Maces & Flails
   867 | D:2      | Reached skill level 1 in Polearms
   867 | D:2      | Reached skill level 1 in Staves
   867 | D:2      | Reached skill level 1 in Ranged Weapons
   867 | D:2      | Reached skill level 1 in Throwing
   867 | D:2      | Reached skill level 1 in Armour
   867 | D:2      | Reached skill level 1 in Shields
   867 | D:2      | Reached skill level 1 in Unarmed Combat
   867 | D:2      | Reached skill level 1 in Invocations
   867 | D:2      | Reached skill level 1 in Evocations
   867 | D:2      | Reached skill level 1 in Shapeshifting
   867 | D:2      | Reached XP level 4. HP: 28/32 MP: 6/11
  1534 | D:2      | Reached skill level 1 in Hexes
  1534 | D:2      | Reached skill level 1 in Summonings
  1534 | D:2      | Reached skill level 1 in Necromancy
  1534 | D:2      | Reached skill level 1 in Translocations
  1534 | D:2      | Reached skill level 1 in Fire Magic
  1534 | D:2      | Reached skill level 1 in Ice Magic
  1534 | D:2      | Reached skill level 1 in Air Magic
  1534 | D:2      | Reached skill level 1 in Earth Magic
  1534 | D:2      | Reached skill level 1 in Alchemy
  1798 | D:3      | Found a basalt altar of Yredelemnul.
  2122 | D:3      | Reached XP level 5. HP: 37/37 MP: 12/12
  3365 | D:4      | Found a staircase to the Ecumenical Temple.
  3374 | Temple   | Entered the Ecumenical Temple
  3392 | Temple   | Became a worshipper of Sif Muna the Loreminder
  3561 | D:5      | Entered Level 5 of the Dungeon
  3622 | D:5      | Noticed a black bear
  3631 | D:5      | Killed a black bear
  3632 | D:5      | Reached skill level 5 in Dodging
  3632 | D:5      | Reached XP level 6. HP: 41/44 MP: 5/14
  3637 | D:5      | Learned a level 4 spell: Fulminant Prism
  3642 | D:5      | Learned a level 4 spell: Iskenderun's Mystic Blast
  3710 | D:5      | Noticed Blork the orc
  3717 | D:5      | Killed Blork the orc
  3893 | D:5      | Noticed Eustachio
  3903 | D:5      | Killed Eustachio
  3904 | D:5      | Reached XP level 7. HP: 22/51 MP: 6/15
  4059 | D:5      | Noticed Edmund
  4073 | D:5      | Slain by Edmund

Illustrated notes

Levels and vault maps discovered:
D:1:      giann_wishing_wells, layout_rooms
D:2:      layout_loops_ring
D:3:      layout_basic, mainiacjoe_overflow_six_doors_small, minmay_puff
D:4:      layout_basic, minmay_temple_entry_junction, corexii_leaking_fountain,
          kennysheep_big_empty_room
D:5:      layout_rooms, uniq_edmund, uniq_blork_the_orc, uniq_eustachio,
          uniq_grinder
Temple:   chequers_temple_sunken

Skill      XL: |  1  2  3  4  5  6 |
---------------+-------------------+-----
Spellcasting   | 5 |  5.6
Fighting       | 1 2 |  2.4
Short Blades   | 1 2 |  2.4
Long Blades    | 1 2 |  2.4
Axes           | 1 2 |  2.4
Maces & Flails | 1 2 |  2.4
Polearms       | 1 2 |  2.4
Staves         | 1 2 |  2.4
Ranged Weapons | 1 2 |  2.4
Throwing       | 1 2 |  2.4
Armour         | 1 2 |  2.4
Shields        | 1 2 |  2.4
Unarmed Combat | 1 2 |  2.4
Invocations    | 1 2 |  2.7
Evocations     | 1 2 |  2.4
Shapeshifting  | 1 2 |  2.2
Hexes          | 1 2 |  2.0
Summonings     | 1 2 |  2.0
Necromancy     | 1 2 |  2.0
Translocations | 1 2 |  2.0
Fire Magic     | 1 2 |  2.0
Ice Magic      | 1 2 |  2.0
Air Magic      | 1 2 |  2.0
Earth Magic    | 1 2 |  2.0
Alchemy        | 1 2 |  2.0
Dodging        | 5 |  5.2
Stealth        | |  4.9
Conjurations   | |  7.4

Action                     |  1- 3 |  4- 6 |  7- 9 || total
---------------------------+-------+-------+-------++-------
  Melee: War axe           |       |    45 |       ||    45
         Bite              |       |     5 |       ||     5
   Cast: Magic Dart        |    31 |    46 |       ||    77
         Searing Ray       |     2 |     8 |     3 ||    13
         Iskenderun's Myst |       |     1 |       ||     1
   Stab: Sleeping          |       |     7 |       ||     7
 Armour: Robe              |     2 |    43 |     6 ||    51
  Dodge: Dodged            |     5 |    53 |     3 ||    61

Table legend: (Time is in decaauts)
 A = Elapsed time spent in this place.
 B = Non-inter-level travel time spent in this place.
 C = Inter-level travel time spent in this place.
 D = Time resting spent in this place.
 E = Time spent auto-exploring this place.
 F = Levels seen in this place.
 G = Mean time per level.
                   A        B        C        D        E       F      G
               +--------+--------+--------+--------+--------+-----+--------+
         Total |   4099 |   3986 |    113 |    330 |   3154 |   6 |  683.2 |
       Dungeon |   4054 |   3941 |    113 |    330 |   3154 |   5 |  810.8 |
        Temple |     45 |     45 |      0 |      0 |      0 |   1 |   45.0 |
               +--------+--------+--------+--------+--------+-----+--------+

Top non-repeatable levels by time:
     D:3: 998 daAuts
     D:2: 927 daAuts
     D:1: 863 daAuts
     D:4: 753 daAuts
     D:5: 512 daAuts
  Temple: 45 daAuts
